 Dungeon Crawl Stone Soup version 0.31-a0-267-g3fc6992b3b (webtiles) character file.

Game seed: 18032107050007829914

249 AIAndy the Ruffian (level 5, -2/38 HPs)
             Began as a Demonspawn Shapeshifter on July 13, 2023.
             Slain by a gnoll sergeant
             ... wielding a +4 heavy trident
              (6 damage)
             ... on level 4 of the Dungeon.
             The game lasted 00:09:26 (2421 turns).

AIAndy the Ruffian (Demonspawn Shapeshifter)        Turns: 2421, Time: 00:09:27

Health: -2/38      AC:  2    Str: 17    XL:     5   Next: 87%
Magic:  5/5        EV: 17    Int:  9    God:
Gold:   174        SH:  4    Dex: 14    Spells: 4/4 levels left

rFire   + .          .
                       - Unarmed
rCold   . . .        (no shield)
rNeg    . . .        a - +0 animal skin
rPois   .            (helmet currently unavailable)
rElec   .            (cloak currently unavailable)
rCorr   .            (gloves currently unavailable)
SInv    .            (boots currently unavailable)
Will    .....        g - amulet of regeneration
Stlth   +            F - ring of protection from fire
HPRegen 1.06/turn    (no ring)
MPRegen 0.09/turn

%: no passive effects
@: mighty, agile, beast-form
A: beast (slay +2), large bone plates 1, powered by pain 2
a: Begin Untransformation


You were on level 4 of the Dungeon.
You were a hulking beast.
You visited 1 branch of the dungeon, and saw 4 of its levels.

You collected 196 gold pieces.
You spent 22 gold pieces at shops.


Innate Abilities, Weirdness & Mutations

You are a hulking beast.
Your limbs bulge with bestial killing power. (Slay +2)
You are partially covered in large bone plates. (SH +4)
You sometimes gain power by taking damage.


   Skills:
 - Level 2.0 Fighting
 + Level 0.1 Ranged Weapons
 - Level 1.7 Dodging
 + Level 4.1 Unarmed Combat
 + Level 4.1 Shapeshifting


You had 4 spell levels left.
You didn't know any spells.
Your spell library contained the following spells:

 Spells                   Type           Power      Damage    Failure   Level
 Kiss of Death            Conj/Necr      0%         2d5       38%         1
 Blink                    Tloc           0%         N/A       52%         2
 Cigotuvi's Dreadful Rot  Necr/Pois/Air  0%         N/A       52%         2
 Lesser Beckoning         Tloc           0%         N/A       52%         2
 Momentum Strike          Conj/Tloc      0%         3d8       52%         2
 Confusing Touch          Hex            0%         N/A       77%         3
 Dispel Undead            Necr           0%         3d6       99%         4
 Death Channel            Necr           0%         N/A       100%        6

Inventory:

Hand Weapons
 s - a +2 short sword of venom
 v - a +0 arbalest
 x - the +5 sling of Ezoisch {speed, Will+}
   (You found it on level 4 of the Dungeon)

   Will:      It increases your willpower.
Armour
 a - a +0 animal skin (worn)
 k - a +2 helmet
Jewellery
 g - an amulet of regeneration (around neck)
 n - an amulet of the acrobat
 F - a ring of protection from fire (left hand)
Talismans
 c - a beast talisman
Scrolls
 d - 2 scrolls of immolation {unknown}
 h - 2 scrolls of vulnerability {!r}
 j - a scroll of fear {unknown}
 l - a scroll of noise {unknown}
 m - a scroll of brand weapon {unknown}
 o - 4 scrolls of enchant armour
 q - a scroll of poison {unknown}
 r - a scroll of amnesia {unknown}
 w - a scroll of teleportation {unknown}
Potions
 b - a potion of lignification {!q}
 e - a potion of magic
 f - 2 potions of berserk rage {!q}
 i - a potion of curing {@q1}
 p - a potion of invisibility
 t - a potion of cancellation
 u - a potion of might

Dungeon Overview and Level Annotations

Branches:
Dungeon (4/15)
 Temple: D:4-7

Altars:

Shops:
D:4

* #..............# .#
#.............## ##># #
#######..............###..#
####......................#..#
............................##
......###....................#
......#
##...................##
......# #....................#
......#
##.....h.............##
.....##
#.....g..........##..## .....#
##..ggg..........##...# ....##
#..g......####.####..# ....#
#.....##### #..#...... ....#
#...#### ###......... ...##
#... ###...)....... ...# #...#
#......<...... ..## .)..
#..>..........


You could see a gnoll sergeant and 4 gnolls.


Message History

You are now empty-handed.
You block the gnoll sergeant's attack.
A gnoll comes into view. It is wielding a +0 spear.
The gnoll shouts!
You hit the gnoll sergeant but do no damage.
The gnoll sergeant is heavily wounded.
You block the gnoll sergeant's attack. You block the gnoll's attack.
You hit the gnoll sergeant but do no damage.
The gnoll sergeant is heavily wounded.
The gnoll hits you but does no damage. You block the gnoll's attack.
The gnoll misses you.
You punch the gnoll sergeant!
The gnoll sergeant is almost dead.
You block the gnoll's attack.
The gnoll hits you from afar with a +0 halberd!
You focus on the pain.
You feel very mighty all of a sudden. The gnoll completely misses you.
The gnoll sergeant hits you with a +4 heavy trident!
* * * LOW HITPOINT WARNING * * *
The gnoll hits you from afar with a +0 halberd!
* * * LOW HITPOINT WARNING * * *
You focus on the pain.
You feel agile all of a sudden. The gnoll attacks as you move away!
The gnoll misses you. You block the gnoll sergeant's attack.
There is a stone staircase leading up here.
The gnoll closely misses you. The gnoll completely misses you.
You block the gnoll's attack.
The gnoll sergeant hits you from afar with a +4 heavy trident.
You die...

Skill      XL: |  1  2  3  4  5 |
---------------+----------------+-----
Unarmed Combat | 2 3 4 |  4.1
Shapeshifting  | 3 4 |  4.1
Fighting       | |  2.0
Ranged Weapons | |  0.1
Dodging        | |  1.7

Action                     |  1- 3 |  4- 6 || total
---------------------------+-------+-------++-------
  Melee: Unarmed           |   136 |    95 ||   231
         Punch             |     3 |     3 ||     6
   Fire: Sling             |       |    10 ||    10
         Arbalest          |       |     8 ||     8
    Use: Scroll            |       |     8 ||     8
   Stab: Sleeping          |     5 |       ||     5
         Distracted        |     1 |       ||     1
 Armour: Animal skin       |    32 |    11 ||    43
  Dodge: Dodged            |    89 |    51 ||   140
  Block: Other             |     9 |    22 ||    31

Levels and vault maps discovered:
D:1:      minmay_arrival_loop, layout_loops_ring
D:2:      layout_rooms
D:3:      wad_lake_hut, layout_basic
D:4:      layout_cave_pods, serial_shops, nicolae_shop_trees, minivault_5

Notes
Turn   | Place    | Note
-------+----------+-------------------------------------------
     0 | D:1      | AIAndy the Demonspawn Shapeshifter began the quest for the
                  | Orb.
     0 | D:1      | Reached XP level 1. HP: 16/16 MP: 1/1
   109 | D:1      | Reached skill level 2 in Unarmed Combat
   141 | D:1      | Gained mutation: You sometimes gain a little power by
                  | taking damage. [demonic ancestry]
   141 | D:1      | Reached XP level 2. HP: 22/22 MP: 2/2
   260 | D:1      | Reached skill level 3 in Shapeshifting
   791 | D:2      | Gained mutation: You are partially covered in large bone
                  | plates. (SH +4) [demonic ancestry]
   791 | D:2      | Reached XP level 3. HP: 27/27 MP: 3/3
  1003 | D:2      | Reached skill level 3 in Unarmed Combat
  1019 | D:2      | Reached XP level 4. HP: 30/33 MP: 4/4
  1996 | D:4      | Gained mutation: You sometimes gain power by taking damage.
                  | [demonic ancestry]
  1996 | D:4      | Reached XP level 5. HP: 21/38 MP: 5/5
  2295 | D:4      | Reached skill level 4 in Unarmed Combat
  2295 | D:4      | Reached skill level 4 in Shapeshifting
  2297 | D:4      | Found Xaxzojid's General Store.
  2326 | D:4      | Bought a scroll of identify for 22 gold pieces
  2367 | D:4      | Identified the +5 sling of Ezoisch {speed, Will+}
  2419 | D:4      | HP: 2/38 [gnoll/+0 halberd[a gnoll sergeant] (15)]
  2421 | D:4      | Slain by a gnoll sergeant

Vanquished Creatures
  A scorpion (D:4)
  A sleepcap (D:4)
  A gnoll (D:4)
  6 adders
  An ufetubus (D:4)
  4 worms
  2 dart slugs (D:1)
  4 ball pythons
  8 endoplasms
  4 giant cockroaches
  10 goblins
  6 hobgoblins
  9 kobolds
  2 quokkas
  9 bats
  3 frilled lizards
  4 rats
75 creatures vanquished.

Vanquished Creatures (others)
  A giant cockroach (D:2)
1 creature vanquished.

Grand Total: 76 creatures vanquished

Table legend: (Time is in decaauts)
 A = Elapsed time spent in this place.
 B = Non-inter-level travel time spent in this place.
 C = Inter-level travel time spent in this place.
 D = Time resting spent in this place.
 E = Time spent auto-exploring this place.
 F = Levels seen in this place.
 G = Mean time per level.
                   A        B        C        D        E       F      G
               +--------+--------+--------+--------+--------+-----+--------+
         Total |   2463 |   2328 |    135 |      6 |   1727 |   4 |  615.8 |
       Dungeon |   2463 |   2328 |    135 |      6 |   1727 |   4 |  615.8 |
               +--------+--------+--------+--------+--------+-----+--------+

Top non-repeatable levels by time:
     D:3: 788 daAuts
     D:1: 784 daAuts
     D:2: 449 daAuts
     D:4: 441 daAuts

Table legend:
 A = Non-vault XP
 B = Vault XP
 C = Vault XP percentage of total XP
 D = Non-vault monster count
 E = Vault monster count
 F = Vault count percentage of total count
                 A         B        C        D         E       F
            +---------+---------+-------+---------+---------+-------
      Total |     357 |       0 |   0.0 |      76 |       0 |   0.0
            +---------+---------+-------+---------+---------+-------
        D:1 |      40 |       0 |   0.0 |      21 |       0 |   0.0
        D:2 |      81 |       0 |   0.0 |      23 |       0 |   0.0
        D:3 |      38 |       0 |   0.0 |      17 |       0 |   0.0
        D:4 |     198 |       0 |   0.0 |      15 |       0 |   0.0
            +---------+---------+-------+---------+---------+-------
